 Dungeon Crawl Stone Soup version 0.23.1 (webtiles) character file.

Game seed: 3891224217569607740

196 Kairos the Skirmisher (level 5, -1/28 HPs)
             Began as a Vine Stalker Fighter on Mar 2, 2019.
             Splashed by Ijyb's acid (13 damage)
             ... on level 3 of the Dungeon.
             The game lasted 00:03:57 (2638 turns).

Kairos the Skirmisher (Vine Stalker Fighter)        Turns: 2638, Time: 00:03:57

Health: -1/28      AC:  9    Str: 20    XL:     5   Next: 74%
Magic:  0/6        EV: 10    Int:  8    God:
Gold:   132        SH:  9    Dex: 13    Spells: 4/4 levels left

rFire    . . .     SeeInvis .   a - +0 war axe
rCold    . . .     Gourm    .   c - +0 shield
rNeg     . . .     Faith    +   r - +0 scale mail {MR+}
rPois    .         Spirit   +   (no helmet)
rElec    .         Reflect  .   u - +0 cloak
rCorr    .         Harm     .   (no gloves)
MR       +....                  v - +0 pair of boots
Stlth    ..........             n - amulet of faith
HPRegen  0.49/turn              w - +3 ring of evasion
MPRegen  0.10/turn              (no ring)

@: no status effects
A: fangs 2, regeneration 1, magic shield, antimagic bite, no potion heal 3, rot
immunity
a: no special abilities


You were on level 3 of the Dungeon.
You were not hungry.

You visited 1 branch of the dungeon, and saw 3 of its levels.

You collected 132 gold pieces.

Inventory:

Hand Weapons
 a - a +0 war axe (weapon)
Armour
 b - a +0 scale mail
 c - a +0 shield (worn)
 r - a +0 scale mail of magic resistance (worn)
 u - a +0 cloak (worn)
 v - a +0 pair of boots (worn)
Jewellery
 n - an amulet of faith (around neck)
 w - a +3 ring of evasion (left hand)
Scrolls
 g - 2 scrolls of teleportation
 i - a scroll of remove curse
 k - a scroll of noise
 s - 2 scrolls of enchant armour {unknown}
Potions
 d - 2 potions of might
 e - 2 potions of haste {unknown}
 h - a potion of invisibility {unknown}
 j - a potion of heal wounds {unknown}
 l - a potion of lignification {unknown}
 m - a potion of agility {unknown}
 o - 2 potions of curing
 p - a potion of brilliance {unknown}
 q - a potion of mutation {unknown}
 t - a potion of degeneration {unknown}
Comestibles
 f - 8 rations
 x - a chunk of flesh


   Skills:
 + Level 3.4 Fighting
 * Level 3.3 Axes
 + Level 3.2 Armour
 + Level 0.5 Dodging
 + Level 1.0 Stealth
 + Level 3.2 Shields


You had 4 spell levels left.
You didn't know any spells.
Your spell library was empty.

Dungeon Overview and Level Annotations

Branches:
Dungeon (3/15)

Altars:
Hepliaklqana
Uskayaw

Annotations:
D:3 1 runed translucent door, Crazy Yiuf, Ijyb


Innate Abilities, Weirdness & Mutations

You have extremely sharp teeth.
Your natural rate of healing is unusually fast.
When hurt, damage is shared between your health and your magic reserves.
Your bite disrupts and absorbs the magic of your enemies.
Potions cannot restore your health.
You are immune to rotting.


Message History

You struggle against the net.
Ijyb closely misses you. The gnoll closely misses you.
The orc completely misses you. The rat barely misses you.
The adder bites you but does no damage.
You struggle against the net.
Ijyb hits you but does no damage.
The gnoll hits you but does no damage. x2; The adder completely misses you.
The orc barely misses you. The rat bites you but does no damage.
You shred the net and break free! You block the adder's attack.
Ijyb hits you but does no damage. The gnoll misses you.
You block the gnoll's attack. The orc hits you with a +0 hand axe.
The rat bites you but does no damage. The adder barely misses you.
The gnoll misses you. The rat bites you but does no damage.
The adder bites you but does no damage. The adder bites you but does no damage.
The gnoll hits you but does no damage. The gnoll misses you.
You block the adder's attack.
Ijyb grins evilly.
The adder bites you but does no damage.
Ijyb zaps a wand.
The bolt of acid misses the orc.
The bolt of acid hits you!
You are splashed with acid!
You die...

..)..............##
$.................########
...........gg.(..........#
.......##g##r............#
........#.##.g...........#
..........##..o.....######
.........#####..S...#
.........# #..g...#
........# #..@...#
.........#####......#
....................#
....................#
.)..................#
.K..(.............####
...............##....#
...............##.##.##
..........>.......##..##


You could see Ijyb, 3 gnolls, an adder, an orc and a rat.

Vanquished Creatures
  An orc wizard (D:2)
  Terence (D:2)
  6 gnolls
  2 adders (D:2)
  2 worms (D:3)
  A dart slug (D:2)
  3 leopard geckos
  5 orcs (D:3)
  6 bats
  2 giant cockroaches
  6 goblins
  3 hobgoblins
  4 jackals (D:1)
  2 ball pythons (D:1)
  5 frilled lizards
  3 kobolds
  4 rats
56 creatures vanquished.

Notes
Turn   | Place    | Note
-------+----------+-------------------------------------------
     0 | D:1      | Kairos the Vine Stalker Fighter began the quest for the
                  | Orb.
     0 | D:1      | Reached XP level 1. HP: 11/11 MP: 2/2
    53 | D:1      | Reached XP level 2. HP: 7/16 MP: 1/3
   894 | D:1      | Reached XP level 3. HP: 17/20 MP: 2/4
  1362 | D:2      | Found a hide-covered altar of Uskayaw.
  1635 | D:2      | Noticed Terence
  1644 | D:2      | Killed Terence
  1644 | D:2      | Gained mutation: Your natural rate of healing is unusually
                  | fast. [Vine Stalker growth]
  1644 | D:2      | Reached XP level 4. HP: 20/24 MP: 3/5
  2196 | D:2      | Found a hazy altar of Hepliaklqana.
  2301 | D:3      | Reached XP level 5. HP: 22/28 MP: 4/6
  2452 | D:3      | Found a runed translucent door.
  2453 | D:3      | Noticed Crazy Yiuf
  2522 | D:2      | Reached skill level 1 in Stealth
  2608 | D:3      | Noticed Ijyb
  2638 | D:3      | Splashed by Ijyb's acid

Skill      XL: |  1  2  3  4  5 |
---------------+----------------+-----
Axes           | 2 3 |  3.3
Fighting       | 3 |  3.4
Shields        | 3 |  3.2
Armour         | 3 |  3.2
Stealth        | 1 |  1.0
Dodging        | |  0.5

Action                   |  1- 3 |  4- 6 || total
-------------------------+-------+-------++-------
Melee: War axe           |   105 |    94 ||   199
       Bite              |    21 |    29 ||    50
  Use: Scroll            |       |     4 ||     4
  Eat: Chunk             |     2 |     4 ||     6
Armor: Scale mail        |    53 |    60 ||   113
Dodge: Dodged            |    51 |    39 ||    90
Block: Shield            |    71 |    56 ||   127
